Map: Ghost River LE

Players

Dolan

  • Race: Terran Terran
  • Spawn Location: 1:00

Cyan - Winner!

  • Race: Protoss Protoss
  • Spawn Location: 11:00

Event: ESL Spring 2024 Finals

VOD

Have the link to the VOD?

Description

Time

  • Played on: May 31, 2024, 5:36 p.m.
  • Length: 9:43

All games in this series

Show
View Real Time Build Order
Export as new Build Order

Dolan Terran 

Build Orders: Cyclone Opening 

Get SALT Encoding   

  12  0:00  SCV  
  13  0:12  SCV  
  14  0:16  Supply Depot  
  14  0:24  SCV  
  15  0:38  SCV  
  15  0:39  Barracks  
  15  0:42  Refinery  
  16  0:50  SCV  
  16  0:52  Refinery  
  17  1:02  SCV  
  17  1:03  Supply Depot  
  18  1:15  SCV  
  19  1:26  Reaper  
  19  1:27  Orbital Command  
  20  1:41  Factory  
  20  1:54  SCV  
  21  1:58  Barracks Reactor  
  21  2:06  SCV  
  22  2:18  SCV, Command Center  
  23  2:25  Cyclone  
  25  2:30  SCV  
  25  2:34  Supply Depot  
  26  2:38  Marine x2  
  26  2:42  SCV  
  29  2:54  SCV  
  29  2:56  Marine x2  
  32  3:00  Factory Tech Lab  
  32  3:01  Barracks  
  32  3:09  SCV  
  33  3:15  Marine x2  
  35  3:22  Barracks  
  35  3:26  SCV  
  36  3:38  Marine  
  36  3:39  Marine  
  38  3:43  SCV  
  38  3:46  Siege Tank  
  42  3:51  Barracks Tech Lab  
  42  3:53  Orbital Command  
  42  3:55  SCV  
  43  4:01  Supply Depot  
  43  4:04  Marine x2  
  45  4:10  Stimpack  
  45  4:11  Barracks Tech Lab  
  45  4:13  Marine  
  45  4:15  SCV  
  47  4:19  SCV  
  48  4:28  Siege Tank  
  48  4:31  SCV x2, Marine  
  51  4:32  Marine  
  51  4:33  Combat Shield  
  51  4:37  Supply Depot  
  54  4:39  Marine  
  54  4:40  Marine  
  56  4:49  SCV  
  56  4:50  SCV  
  58  4:53  Marine x2  
  58  4:57  Marine x2  
  58  4:58  Supply Depot  
  62  5:00  Siege Tank  
  62  5:03  SCV x2  
  69  5:15  Supply Depot  
  69  5:18  Marine x2  
  69  5:19  Marauder x2  
  73  5:22  Supply Depot  
  73  5:24  SCV x2  
  73  5:27  Engineering Bay  
  73  5:37  SCV x2  
  74  5:47  Refinery  
  74  5:49  SCV x2  
  76  5:51  Marine x3, Starport  
  76  5:52  Marine  
  76  5:54  Factory Reactor  
  79  6:06  SCV x2  
  79  6:08  Terran Infantry Weapons Level 1  
  81  6:12  Supply Depot  
  81  6:17  Marine x2, Marauder x2  
  84  6:27  SCV x2  
  82  6:35  Factory Reactor  
  82  6:39  Marauder x2  
  80  6:46  Marine  
  80  6:47  SCV  
  78  7:00  Marauder  
  69  7:01  SCV x2  
  69  7:02  Medivac x2  
  74  7:13  SCV x2, Refinery  
  74  7:15  Widow Mine x2  
  82  7:22  Marine  
  82  7:23  Marine, Marauder x2  
  82  7:24  Concussive Shells  
  86  7:35  Medivac  
  86  7:36  Viking  
  82  7:54  SCV x2  
  74  8:06  Marine x2, Marauder  
  74  8:07  Marine  
  79  8:19  SCV x2  
  80  8:29  Medivac x2  
  80  8:31  SCV, Widow Mine x2  
  80  8:32  SCV  
  90  8:44  SCV x2  
  92  8:49  Marine x2  
  92  8:51  Marine x2  
  96  8:56  SCV x2  
  96  8:58  Widow Mine x2  
  102  9:10  Barracks Tech Lab x2  
  102  9:14  Marine x2  
  102  9:15  Supply Depot, SCV x2  
  102  9:27  SCV x2  
Show
View Real Time Build Order
Export as new Build Order

Cyan Protoss - Winner!

Build Orders: 1 Gate Expand 

Get SALT Encoding   

  12  0:00  Probe  
  13  0:12  Probe  
  14  0:17  Pylon  
  14  0:24  Probe (Chrono Boost)  
  15  0:36  Gateway, Probe (Chrono Boost)  
  16  0:45  Assimilator, Probe (Chrono Boost)  
  17  0:51  Probe  
  18  1:03  Probe  
  19  1:15  Probe  
  20  1:24  Cybernetics Core  
  20  1:31  Nexus  
  20  1:34  Probe  
  21  1:41  Pylon  
  21  1:46  Probe  
  22  1:50  Assimilator  
  22  1:58  Adept (Chrono Boost), Probe, Warp Gate (Chrono Boost)  
  25  2:10  Probe  
  26  2:19  Adept (Chrono Boost)  
  28  2:24  Twilight Council, Probe  
  29  2:36  Gateway, Probe  
  30  2:43  Probe  
  31  2:48  Stalker  
  31  2:51  Probe  
  34  2:55  Probe  
  34  3:00  Charge (Chrono Boost)  
  34  3:03  Probe  
  35  3:09  Shield Battery, Probe  
  36  3:15  Probe  
  37  3:23  Robotics Facility  
  37  3:31  Gateway  
  37  3:32  Gateway  
  38  3:34  Probe (Chrono Boost)  
  38  3:37  Probe (Chrono Boost), Pylon  
  39  3:44  Stalker  
  43  3:48  Probe (Chrono Boost)  
  43  3:49  Probe (Chrono Boost)  
  43  3:51  Stalker  
  43  3:54  Probe  
  45  3:56  Pylon  
  45  3:59  Probe  
  47  4:07  Pylon  
  47  4:08  Probe  
  48  4:11  Observer  
  48  4:15  Stalker  
  51  4:17  Probe  
  51  4:20  Probe  
  53  4:27  Stalker  
  53  4:30  Zealot x2  
  59  4:33  Warp Prism (Chrono Boost), Probe x2  
  63  4:48  Nexus  
  63  4:51  Pylon  
  63  4:53  Probe  
  63  4:57  Sentry  
  66  5:00  Zealot  
  66  5:03  Zealot  
  70  5:09  Observer, Pylon  
  70  5:18  Probe x2  
  72  5:22  Assimilator  
  72  5:23  Forge, Pylon  
  72  5:24  Stalker  
  72  5:25  Shield Battery  
  72  5:27  Observer  
  75  5:39  Probe x2  
  75  5:45  Gateway  
  75  5:48  Gateway  
  75  5:51  Gateway x2  
  75  5:53  Zealot, Sentry  
  79  6:03  Zealot, Sentry  
  83  6:07  Probe x2  
  83  6:09  Immortal (Chrono Boost)  
  87  6:19  Zealot x2  
  91  6:25  Shield Battery  
  91  6:27  Shield Battery, Pylon x2  
  85  6:34  Zealot x2  
  83  6:41  Zealot  
  83  6:42  Zealot x2  
  89  6:48  Zealot x2  
  89  6:49  Zealot  
  95  7:01  Zealot x3, Protoss Ground Armor Level 1 (Chrono Boost)  
  81  7:03  Zealot, Sentry  
  89  7:15  Nexus  
  89  7:24  Blink (Chrono Boost)  
  89  7:30  Zealot x3  
  89  7:31  Zealot  
  93  7:54  Zealot x4  
  93  7:58  Pylon  
  101  7:59  Pylon x2  
  101  8:02  Immortal (Chrono Boost)  
  95  8:14  Probe  
  95  8:17  Stalker x2  
  95  8:18  Sentry  
  94  8:22  Pylon  
  90  8:27  Probe  
  90  8:31  Zealot x3, Sentry  
  99  8:40  Immortal  
  103  8:50  Zealot x3  
  109  8:58  Zealot x2  
  109  9:01  Templar Archives  
  113  9:06  Assimilator  
  113  9:09  Pylon  
  113  9:10  Assimilator, Probe x3  
  114  9:19  Zealot x3  
  118  9:30  Zealot x2  
  118  9:31  Zealot x2  
  120  9:34  Zealot  
  114  9:40  Zealot x3  
Tags
 
Add a new tag
Caveats
  • Supply blocks, unpowered buildings, or Contaminate may cause inaccurate times.
  • Supply counts are checked every 10 seconds.